 Dungeon Crawl Stone Soup version 0.26-a0-651-gb41185065b (webtiles) character file.

Game seed: 14299768084854561587

797 Ludicrosity the Caller (level 7, -3/37 HPs)
             Began as a Deep Elf Ice Elementalist on Sept 30, 2020.
             Slain by a bullfrog zombie (7 damage)
             ... on level 5 of the Dungeon.
             The game lasted 00:25:16 (5942 turns).

Ludicrosity the Caller (Deep Elf Ice Elementalist)  Turns: 5942, Time: 00:25:17

Health: -3/37      AC:  3    Str:  5    XL:     7   Next: 58%
Magic:  12/14      EV: 13    Int: 22    God:
Gold:   235        SH:  0    Dex: 15    Spells: 4/12 levels left

rFire    . . .     SeeInvis .   w - +1 flail (vorpal)
rCold    . . .     Faith    .   (no shield)
rNeg     . . .     Spirit   .   a - +0 robe
rPois    .         Reflect  .   v - +0 helmet
rElec    .         Harm     .   (no cloak)
rCorr    .         Rampage  .   (no gloves)
MR       .....                  (no boots)
Stlth    ++........             (no amulet)
HPRegen  0.12/turn              t - ring of flight
MPRegen  0.14/turn              (no ring)

@: no status effects
A: no striking features
a: Evoke Flight


You were on level 5 of the Dungeon.
You visited 1 branch of the dungeon, and saw 5 of its levels.

You collected 235 gold pieces.

Inventory:

Hand Weapons
 w - a +1 vorpal flail (weapon)
Armour
 a - a +0 robe (worn)
 v - a +0 helmet (worn)
Magical Staves
 q - an uncursed staff of fire
Jewellery
 t - a ring of flight (left hand)
Scrolls
 e - a scroll of magic mapping {unknown}
 g - a scroll of enchant weapon {unknown}
 j - 3 scrolls of remove curse {unknown}
 o - 5 scrolls of identify {unknown}
 p - 4 scrolls of teleportation {unknown}
 r - 2 scrolls of enchant armour {unknown}
 s - 2 scrolls of blinking {unknown}
Potions
 b - a potion of heal wounds {unknown}
 c - a potion of haste {unknown}
 d - 7 potions of curing {unknown}
 f - a potion of brilliance {unknown}
 h - 2 potions of might {unknown}
 i - 2 potions of resistance
 k - a potion of ambrosia {unknown}
 l - a potion of flight {unknown}
 m - a potion of lignification {unknown}
 n - a potion of mutation {unknown}
 u - a potion of cancellation {unknown}


   Skills:
 + Level 0.5 Fighting
 - Level 2.4 Dodging
 - Level 2.6 Stealth
 + Level 3.4 Spellcasting
 + Level 7.4 Summonings
 + Level 6.7 Ice Magic


You had 4 spell levels left.
You knew the following spells:

 Your Spells              Type           Power        Failure   Level
a - Freeze                Ice            ####         1%          1
b - Frozen Ramparts       Ice            ####..       2%          3
c - Summon Ice Beast      Ice/Summ       ####....     6%          4

Your spell library contained the following spells:

 Spells                   Type           Power        Failure   Level
 Ozocubu's Armour         Ice            ####....     2%          3
 Hailstorm                Conj/Ice       ###.....     30%         4


Dungeon Overview and Level Annotations

Branches:
Dungeon (5/15)
 Temple: D:4-7

Altars:
Ashenzari
Ru
Wu Jian


Message History

You barely miss the bullfrog zombie.
The bullfrog zombie is severely damaged.
The bullfrog zombie completely resists.
The wall freezes the bullfrog zombie but do no damage.
The bullfrog zombie hits you.
* * * LOW HITPOINT WARNING * * *
The bullfrog zombie completely resists.
The wall freezes the bullfrog zombie but do no damage.
The bullfrog zombie closely misses you.
The bullfrog zombie resists.
The wall freezes the bullfrog zombie.
The bullfrog zombie completely resists.
The wall freezes the bullfrog zombie but do no damage.
The frozen ramparts melt away.
The bullfrog zombie closely misses you. The bullfrog zombie closely misses you.
The bullfrog zombie hits you.
* * * LOW HITPOINT WARNING * * *
The bullfrog zombie hits you.
* * * LOW HITPOINT WARNING * * *
The bullfrog zombie hits you!
You die...

.............#
.............# ..
.........>...#..#
.............#..##
.................#
..................
.............$.........
.................#..#.
................@..##
...............Z#..##
...............###..#
.......##......# #..#
.......####....# ##.## ####
# .......# ##...# #..# ##..#
# ...##.†# #...##
#..####...##### .# ##.##
#....# #...#..........
#..####....####.............


You could see a bullfrog zombie.

Vanquished Creatures
  Edmund (D:4)
  A sky beast (D:5)
  2 ogres
  2 orc wizards (D:4)
  An orc priest (D:4)
  A hound (D:5)
  5 worker ants (D:4)
  10 adders
  2 oozes
  6 worms
  2 dart slugs
  7 leopard geckos
  6 orcs
  2 ball pythons
  7 giant cockroaches
  8 goblins
  9 hobgoblins
  8 jackals
  9 kobolds
  A quokka (D:2)
  10 bats
  2 frilled lizards (D:2)
  6 rats
108 creatures vanquished.

Notes
Turn   | Place    | Note
-------+----------+-------------------------------------------
     0 | D:1      | Ludicrosity the Deep Elf Ice Elementalist began the quest
                  | for the Orb.
     0 | D:1      | Reached XP level 1. HP: 10/10 MP: 6/6
   300 | D:1      | Reached XP level 2. HP: 15/15 MP: 5/8
   361 | D:1      | Reached skill level 5 in Ice Magic
   759 | D:1      | Reached XP level 3. HP: 16/19 MP: 5/9
   932 | D:1      | You fall into a shaft and drop 1 floor!
   945 | D:2      | Learned a level 3 spell: Frozen Ramparts
  1380 | D:2      | Reached XP level 4. HP: 15/24 MP: 5/10
  2141 | D:2      | Learned a level 4 spell: Summon Ice Beast
  2391 | D:3      | Reached skill level 1 in Summonings
  2477 | D:3      | Reached XP level 5. HP: 28/28 MP: 8/11
  2708 | D:3      | Reached skill level 2 in Summonings
  2838 | D:3      | Found an ornate altar of the Wu Jian Council.
  3582 | D:4      | Reached skill level 3 in Summonings
  3702 | D:4      | Found a broken altar of Ashenzari.
  3903 | D:4      | Reached skill level 4 in Summonings
  3903 | D:4      | Reached XP level 6. HP: 32/32 MP: 8/12
  4126 | D:4      | Reached skill level 5 in Summonings
  4275 | D:4      | Noticed Edmund
  4288 | D:4      | Killed Edmund
  4288 | D:4      | Reached skill level 6 in Summonings
  4617 | D:4      | Reached XP level 7. HP: 12/36 MP: 8/13
  4924 | D:4      | Found a sacrificial altar of Ru.
  5183 | D:5      | Entered Level 5 of the Dungeon
  5508 | D:5      | Reached skill level 7 in Summonings
  5942 | D:5      | Slain by a bullfrog zombie

Illustrated notes

Levels and vault maps discovered:
D:1:      saegor_arrival_simple_e, layout_rooms, serial_park_tiny_1
D:2:      layout_loops_ring, minmay_misc_feat_rows
D:3:      layout_loops_ring, nicolae_overflow_crystal_walls,
          hangedman_decor_opposing
D:4:      layout_loops_ring, nicolae_ashenzari_panopticon,
          nicolae_ru_path_of_blood, uniq_edmund
D:5:      layout_layer_cave, grunt_temple_overflow_growth_and_decay,
          minmay_temple_entry_junction_2

Skill      XL: |  1  2  3  4  5  6  7 |
---------------+----------------------+-----
Ice Magic      | 5 6 |  6.7
Summonings     | 1 4 6 7 |  7.4
Fighting       | |  0.5
Dodging        | |  2.4
Stealth        | |  2.6
Spellcasting   | |  3.4

Action                   |  1- 3 |  4- 6 |  7- 9 || total
-------------------------+-------+-------+-------++-------
Melee: Unarmed           |     3 |       |       ||     3
       Mace              |       |    14 |       ||    14
       Flail             |       |    21 |     8 ||    29
 Cast: Freeze            |    45 |    46 |    12 ||   103
       Frozen Ramparts   |     3 |    22 |     5 ||    30
       Summon Ice Beast  |       |     1 |       ||     1
Armor: Robe              |     6 |    20 |       ||    26
Dodge: Dodged            |    27 |    57 |    18 ||   102

Table legend: (Time is in decaauts)
 A = Elapsed time spent in this place.
 B = Non-inter-level travel time spent in this place.
 C = Inter-level travel time spent in this place.
 D = Time resting spent in this place.
 E = Time spent auto-exploring this place.
 F = Levels seen in this place.
 G = Mean time per level.
                   A        B        C        D        E       F      G
               +--------+--------+--------+--------+--------+-----+--------+
         Total |   5957 |   5828 |    129 |   1646 |   3232 |   5 | 1191.4 |
       Dungeon |   5957 |   5828 |    129 |   1646 |   3232 |   5 | 1191.4 |
               +--------+--------+--------+--------+--------+-----+--------+

Top non-repeatable levels by time:
     D:4: 1588 daAuts
     D:2: 1261 daAuts
     D:3: 1232 daAuts
     D:1: 1113 daAuts
     D:5: 761 daAuts
